AoeStats
← Whitebear

Nomad

510745767Analyzed
2v2 RM · 17h ago on Oct 2, 2026· 35m 26s· 4 players
Game mode
Random Map
Map size
176×176
Population
200
Speed
Normal
Resources
Standard
Victory
Conquest
Starting age
Dark Age
Ending age
Imperial Age
RankedLock teamsTeams togetherTeam positionsShared explorationLock speedFull tech treeHidden civsTurbo modeCheats
Victory
Defeat
🇨🇦 Saxons · Canada
1383
+17
🇩🇪 Italians · Germany
1344
+19
🇨🇳 Italians · China
1414
-18
🇳🇿 Khmer · New Zealand
1397
-18
Whitebear
3:08 Loom
3:51 Loom
13:12 Feudal Age
14:36 Town Watch
14:58 Fletching
18:27 Castle Age
17:22 Fishing Lines
18:08 Padded Archer Armor
19:06 Stone Mining
19:17 Double-Bit Axe
20:45 Bow Saw
21:12 Scale Mail Armor
23:06 Forging
25:35 Gold Mining
27:31 Wheelbarrow
28:23 Squires
29:56 Horse Collar
34:51 Gambesons
ElMeroMero
12:04 Feudal Age
16:14 Double-Bit Axe
19:08 Castle Age
17:01 Stone Mining
17:32 Gold Mining
17:42 Fishing Lines
19:25 Fletching
19:35 Padded Archer Armor
20:03 Bow Saw
20:24 Gillnets
21:03 Bodkin Arrow
23:23 Leather Archer Armor
25:21 Ballistics
26:29 Wheelbarrow
25:39 Loom
31:13 Imperial Age
29:13 Thumb Ring
30:36 Forging
30:26 Scale Mail Armor
31:52 Iron Casting
33:00 Chemistry
32:33 Ring Archer Armor
32:06 Bracer
37:02 Blast Furnace
36:17 Chain Mail Armor
228811348
5:10 Loom
14:13 Feudal Age
14:53 Double-Bit Axe
14:50 Fishing Lines
18:11 Castle Age
17:10 Gold Mining
18:48 Forging
19:18 Bow Saw
19:36 Scale Barding Armor
19:32 Gillnets
21:13 Scale Barding Armor
22:01 Iron Casting
21:57 Horse Collar
24:18 Wheelbarrow
23:49 Stone Mining
24:49 Horse Collar
26:23 Stone Shaft Mining
26:20 Fletching
28:42 Bodkin Arrow
32:43 Imperial Age
29:54 Demolition Ship
31:58 Padded Archer Armor
33:08 Leather Archer Armor
35:33 Chemistry
IsBliss
3:11 Loom
12:33 Feudal Age
14:41 Wheelbarrow
17:16 Fletching
24:13 Castle Age
25:27 Bodkin Arrow
35:29 Scale Barding Armor
Connection lost

Rejoining the realm…

Still unreachable

The connection could not be restored.

Session expired

The server has moved on; the page needs a fresh start.